 Dungeon Crawl Stone Soup version 0.29-a0-668-g12ee2bf84d (webtiles) character file.

Game seed: 855243623632389460

1211 Zonian the Sneak (level 8, -1/36 HPs)
             Began as a Vine Stalker Ice Elementalist on June 24, 2022.
             Was a Believer of Ashenzari.
             Succumbed to a water moccasin's poison
             ... on level 6 of the Dungeon.
             The game lasted 00:14:18 (6153 turns).

Zonian the Sneak (Vine Stalker Ice Elementalist)    Turns: 6153, Time: 00:14:19

Health: -1/36      AC:  7    Str: 11    XL:     8   Next: 46%
Magic:  11/18      EV: 14    Int: 21    God:    Ashenzari [**....]
Gold:   243        SH:  0    Dex: 17    Spells: 13/20 levels left

rFire   . . .      SeeInvis +   m - +3 short sword
rCold   + . .      Faith    .   (no shield)
rNeg    . . .      Spirit   +   a - +0 robe of the Fated Mistrust {Fort, Evo} (curse)
rPois   .          Reflect  .   (no helmet)
rElec   .          Harm     .   (no cloak)
rCorr   .          Rampage  ∞   t - +0 pair of gloves of Panopticon {Evo, Range} (curse)
Will    +....                   g - +3 pair of seven-league boots {Rampage+∞, Melee, Alch} (curse)
Stlth   ++++......              (no amulet)
HPRegen 0.92/turn               d - ring "Soothsayer of Ashenzari" {Int+6, Self, Fort} (curse)
MPRegen 0.16/turn               p - ring of protection from cold

@: lethally poisoned (-1 -> -16), freezing walls, hasted, very quick
A: fangs 3, regeneration 1, magic shield, antimagic bite, no potion heal 2
a: Renounce Religion, Shatter the Chains


You were on level 6 of the Dungeon.
You worshipped Ashenzari.
Ashenzari was pleased with you.
You visited 1 branch of the dungeon, and saw 6 of its levels.

You collected 243 gold pieces.

Inventory:

Hand Weapons
 c - a +0 short sword of protection
 m - a +3 short sword (weapon)
 q - a +0 falchion
 r - a +0 falchion of distortion
 z - a +2 antimagic dagger
 A - a +0 hunting sling
 G - a +0 shortbow
 I - a +2 dagger of electrocution
Missiles
 i - a throwing net
 B - 4 boomerangs
Armour
 a - the cursed +0 robe of the Fated Mistrust (worn) {Fort, Evo}

   It has a curse which improves the following skills: Fortitude: Armour and
   Shields.
   Evocations: Evocations.
 g - the cursed +3 pair of seven-league boots (worn) {Rampage+∞, Melee, Alch}
   (You acquired it on level 3 of the Dungeon)

   Its wearer moves as far as possible in that direction when moving towards
   enemies.
   It has a curse which improves the following skills: Melee Combat: Short
   Blades, Long Blades, Axes, Maces & Flails, Polearms, Staves and Unarmed
   Combat.
   Alchemy:   Poison Magic and Transmutations.
 l - a +1 ring mail of willpower
 t - the cursed +0 pair of gloves of Panopticon (worn) {Evo, Range}
   (You found it on level 3 of the Dungeon)

   It has a curse which improves the following skills: Evocations: Evocations.
   Ranged Combat: Slings, Bows, Crossbows and Throwing.
 F - a +2 robe of cold resistance
 H - a +4 scale mail of fire resistance
Jewellery
 d - the cursed ring "Soothsayer of Ashenzari" (left hand) {Int+6, Self, Fort}
   (You found it on level 2 of the Dungeon)

   [ring of intelligence]

   Int:       It affects your intelligence (+6).
   It has a curse which improves the following skills: Introspection: Fighting
   and Spellcasting.
   Fortitude: Armour and Shields.
 p - a ring of protection from cold (right hand)
Scrolls
 j - 3 scrolls of magic mapping
 o - a scroll of fog
 s - 3 scrolls of amnesia
 w - 3 scrolls of identify
 y - a scroll of poison
 C - a scroll of summoning
 D - 3 scrolls of enchant weapon
Potions
 f - 2 potions of brilliance
 h - a potion of might
 k - a potion of haste
 n - a potion of mutation
 u - a potion of resistance
 v - a potion of flight
 x - a potion of invisibility
 E - a potion of cancellation


   Skills:
 + Level 4.3 Dodging
 + Level 6.8 Stealth
 + Level 5.3(6.5) Spellcasting
 + Level 6.3 Ice Magic


You had 13 spell levels left.
You knew the following spells:

 Your Spells              Type           Power      Damage    Failure   Level
a - Freeze                Ice            100%       1d11      1%          1
b - Frozen Ramparts       Ice            66%        1d8       1%          3
c - Ozocubu's Armour      Ice            33%        N/A       1%          3

Your spell library contained the following spells:

 Spells                   Type           Power      Damage    Failure   Level
 Apportation              Tloc           12%        N/A       10%         1
 Magic Dart               Conj           24%        1d4       10%         1
 Call Imp                 Summ           6%         N/A       14%         2
 Poisonous Vapours        Pois/Air       14%        N/A       14%         2
 Hailstorm                Conj/Ice       20%        3d6       24%         4
 Mephitic Cloud           Conj/Pois/Air  7%         N/A       26%         3
 Portal Projectile        Hex/Tloc       12%        N/A       28%         3
 Tukima's Dance           Hex            6%         N/A       28%         3
 Corpse Rot               Necr/Pois/Air  7%         N/A       65%         4
 Alistair's Intoxication  Tmut/Pois      4%         N/A       94%         5
 Blade Hands              Tmut           3%         N/A       94%         5


Dungeon Overview and Level Annotations

Branches:
Dungeon (6/15)
 Temple: D:4-7

Altars:
Ashenzari
Nemelex Xobeh

Annotations:
D:4 3 runed translucent doors, frimble's ghost, amateur MiHu
D:6 2 runed translucent doors


Innate Abilities, Weirdness & Mutations

You have razor-sharp teeth.
Your natural rate of healing is unusually fast.
When hurt, damage is shared between your health and your magic reserves.
Your bite disrupts and absorbs the magic of your enemies.
Potions cannot restore your health.


Message History

The water moccasin barely misses you.
The wall freezes the orc.
The orc drinks a potion.
The orc suddenly seems more resistant.
The wall freezes the orc priest!
Unknown command.
Your system rejects the healing.
You feel better.
The wall freezes the water moccasin.
The water moccasin misses you.
The wall freezes the orc priest!
You kill the orc priest!
The orc resists.
The wall freezes the orc.
Unknown command.
You barely miss the water moccasin.
The water moccasin is heavily wounded.
The wall freezes the water moccasin.
The water moccasin seems to slow down.
The water moccasin bites you.
* * * LOW HITPOINT WARNING * * *
You are poisoned.
The water moccasin poisons you!
The orc resists.
The wall freezes the orc.
Your system rejects the healing.
You feel better.
The wall freezes the water moccasin.
The water moccasin bites you.
* * * LOW HITPOINT WARNING * * *
You are lethally poisoned!
The water moccasin poisons you!
The orc resists.
The wall freezes the orc.
You kill the orc!
Unknown command.
Okay, then.
You feel yourself speed up.
* * * LOW HITPOINT WARNING * * *
You feel very sick.
The wall freezes the water moccasin.
The water moccasin seems to slow down.
The water moccasin closely misses you. Magic courses through your body.
* * * LOW HITPOINT WARNING * * *
You feel sick.
The wall freezes the water moccasin.
The water moccasin seems to slow down.
The water moccasin bites you!
You are more poisoned.
The water moccasin poisons you!
You hit the water moccasin but do no damage.
Your bite misses the water moccasin.
The water moccasin is almost dead.
You die...

* * * * *
#.##*..... * ,
,...##..... * *
#........ , * , ,*
,#......., * * , *
.#.....#** *# , ,
*,, ..#.....# #
.###.####.###.....#
# * * *
....))S@..........#
###
.###.####.####....#
#.. , * * **
.######..####.# * *
,, .........).....
* **
.......#.####)# *
.........#* #.#
*..........* #.# *
** ....?...#.# #.#
, #######. ..*#.#


You could see a water moccasin (slow).

Vanquished Creatures
  Edmund (D:5)
  Duvessa (D:5)
  2 black bears
  An ogre (D:4)
  2 centaurs (D:5)
  2 scorpions
  Dowan (D:5)
  A hound (D:6)
  3 orc priests
  An iguana (D:5)
  An orc wizard (D:4)
  10 adders
  7 gnolls
  2 dart slugs
  16 orcs
  3 ball pythons
  9 endoplasms
  A giant cockroach (D:1)
  6 goblins
  2 hobgoblins
  9 kobolds
  5 quokkas
  6 bats
  3 frilled lizards (D:1)
  5 rats
100 creatures vanquished.

Vanquished Creatures (others)
  10 plants (D:5)
10 creatures vanquished.

Grand Total: 110 creatures vanquished

Notes
Turn   | Place    | Note
-------+----------+-------------------------------------------
     0 | D:1      | Zonian the Vine Stalker Ice Elementalist began the quest
                  | for the Orb.
     0 | D:1      | Reached XP level 1. HP: 9/9 MP: 4/4
   280 | D:1      | Reached XP level 2. HP: 12/13 MP: 1/6
   564 | D:1      | Found a faded altar of an unknown god.
   575 | D:1      | Prayed at the altar of an unknown god.
   575 | D:1      | Became a worshipper of Ashenzari the Shackled
  1333 | D:2      | Reached XP level 3. HP: 11/16 MP: 3/7
  1633 | D:2      | Reached * piety under Ashenzari
  1843 | D:2      | Learned a level 3 spell: Frozen Ramparts
  1847 | D:2      | Learned a level 3 spell: Ozocubu's Armour
  2033 | D:2      | Gained mutation: Your natural rate of healing is unusually
                  | fast. [Vine Stalker growth]
  2033 | D:2      | Reached XP level 4. HP: 21/21 MP: 7/9
  2685 | D:3      | Reached XP level 5. HP: 21/24 MP: 5/10
  2736 | D:3      | Identified a scroll of acquirement
  2833 | D:3      | Acquired the +3 pair of seven-league boots {Rampage+∞}
  2833 | D:3      | Found the +3 pair of seven-league boots {Rampage+∞}
  3692 | D:4      | Found a runed translucent gate.
  3692 | D:4      | Found a runed translucent gate.
  3694 | D:4      | Found a runed translucent gate.
  3696 | D:4      | Noticed frimble's ghost (amateur MiHu)
  3817 | D:4      | Reached XP level 6. HP: 26/28 MP: 6/12
  3823 | D:4      | Reached skill level 5 in Ice Magic
  3886 | D:4      | Noticed a black bear
  3904 | D:4      | Killed a black bear
  4191 | D:4      | Reached skill level 5 in Stealth
  4421 | D:4      | Reached XP level 7. HP: 32/32 MP: 12/14
  4637 | D:4      | Found a sparkling altar of Nemelex Xobeh.
  4781 | D:4      | Reached ** piety under Ashenzari
  4899 | D:5      | Entered Level 5 of the Dungeon
  5187 | D:5      | Noticed Duvessa
  5211 | D:5      | Killed Duvessa
  5225 | D:5      | Noticed Dowan
  5242 | D:5      | Killed Dowan
  5632 | D:5      | Gained mutation: You have razor-sharp teeth. [Vine Stalker
                  | growth]
  5632 | D:5      | Reached XP level 8. HP: 33/36 MP: 10/16
  5712 | D:5      | Noticed Edmund
  5717 | D:5      | Reached skill level 5 in Spellcasting
  5737 | D:5      | Killed Edmund
  6091 | D:6      | Noticed a yak
  6091 | D:6      | Found a large runed translucent door.
  6091 | D:6      | Found a large runed translucent door.
  6152 | D:6      | HP: 1/36 [poisoned by a water moccasin]
  6153 | D:6      | Succumbed to a water moccasin's poison

Illustrated notes

Levels and vault maps discovered:
D:1:      dpeg_arrival_tiny_k, layout_loops_ring,
          dreamdust_ecumenical_altar_statues
D:2:      layout_loops_corners, chequers_serial_rivers_micro_c
D:3:      layout_loops_corners
D:4:      layout_loops_cross, mainiacjoe_overflow_six_doors_small,
          gammafunk_ghost_split
D:5:      layout_loops_ring, minmay_misc_feat_tiny,
          corexii_item_surrounded_by_moat, chequers_jeans,
          guppyfry_early_lair_pool, uniq_edmund, uniq_duvessa
D:6:      layout_basic, minmay_hollow_rounded_squares

Skill      XL: |  1  2  3  4  5  6  7  8 |
---------------+-------------------------+-----
Stealth        | 3 4 5 6 |  6.8
Dodging        | 2 3 4 |  4.3
Spellcasting   | 3 4 5 |  5.3
Ice Magic      | 5 6 |  6.3

Action                   |  1- 3 |  4- 6 |  7- 9 || total
-------------------------+-------+-------+-------++-------
Melee: Short sword       |    58 |   112 |    99 ||   269
       Bite              |     6 |    36 |    32 ||    74
       Punch             |     1 |     1 |     1 ||     3
 Cast: Freeze            |    24 |    23 |       ||    47
       Frozen Ramparts   |       |     5 |    10 ||    15
       Ozocubu's Armour  |       |     1 |       ||     1
Invok: Curse Item        |     2 |     1 |     2 ||     5
       Shatter the Chain |       |     1 |       ||     1
  Use: Scroll            |     1 |     3 |       ||     4
       Potion            |       |       |     4 ||     4
 Stab: Sleeping          |     6 |     3 |     1 ||    10
Armor: Robe              |    21 |    50 |    47 ||   118
Dodge: Dodged            |    55 |    93 |    68 ||   216

Table legend: (Time is in decaauts)
 A = Elapsed time spent in this place.
 B = Non-inter-level travel time spent in this place.
 C = Inter-level travel time spent in this place.
 D = Time resting spent in this place.
 E = Time spent auto-exploring this place.
 F = Levels seen in this place.
 G = Mean time per level.
                   A        B        C        D        E       F      G
               +--------+--------+--------+--------+--------+-----+--------+
         Total |   6175 |   6102 |     73 |   1301 |   3642 |   6 | 1029.2 |
       Dungeon |   6175 |   6102 |     73 |   1301 |   3642 |   6 | 1029.2 |
               +--------+--------+--------+--------+--------+-----+--------+

Top non-repeatable levels by time:
     D:2: 1301 daAuts
     D:1: 1225 daAuts
     D:4: 1219 daAuts
     D:5: 1198 daAuts
     D:3: 1166 daAuts
     D:6: 63 daAuts
